 Dungeon Sprint DCSS version 0.21.2 (webtiles) character file.

58863 sanboga the Executioner (level 14, -16/162 HPs)
             Began as a Gargoyle Monk on Jan 2, 2019.
             Was the Champion of Trog.
             Killed from afar by a red draconian (27 damage)
             ... with a searing blast
             ... in the Dungeon (Sprint V: "Ziggurat Sprint").
             The game lasted 00:11:18 (2094 turns).

sanboga the Executioner (Gargoyle Monk)             Turns: 2094, Time: 00:11:19

Health: -16/162    AC: 47    Str: 35    XL:     14   Next: 92%
Magic:  14/14      EV: 10    Int: 11    God:    Trog [******]
Gold:   0          SH:  0    Dex: 12    Spells: 13/13 levels left

rFire    . . .     SeeInvis .   g - +5 executioner's axe of Evolution {flame, rPois}
rCold    . . .     Gourm    .   (shield currently unavailable)
rNeg     + . .     Faith    .   C - +15 Maxwell's patent armour {-Cast -Tele rElec MR+ rCorr}
rPois    ∞         Spirit   .   (no helmet)
rElec    +         Reflect  .   v - +2 cloak {+Inv}
rCorr    +         Harm     .   (no gloves)
MR       ++...     NoTele   +   a - +2 pair of boots {Fly} Stlth ..........NoCast +
                                (no amulet)
HPRegen  0.37/turn              x - +6 ring of strength
MPRegen  0.14/turn              y - +6 ring of strength

@: berserking, flying, fainting, very quick
A: big wings, deformed body, negative energy resistance 1, electricity
resistance, weak 1, unbreathing, petrification resistance, rot immunity, AC +10
a: Stop Flying, Berserk, Trog's Hand, Brothers in Arms, Burn Spellbooks,
Renounce Religion, Evoke Invisibility


You were in the Dungeon.
You worshipped Trog.
Trog was exalted by your worship.
You were fainting.

You visited 1 branch

Inventory:

Hand Weapons
 g - the +5 executioner's axe of Evolution (weapon) {flame, rPois}
   (You found it in the Dungeon)

   It has been specially enchanted to burn those struck by it, causing extra
   injury to most foes and up to half again as much damage against particularly
   susceptible opponents.
   Big, fiery blades are also staple armaments of hydra-hunters.
   It protects you from poison.
Armour
 a - a +2 pair of boots of flying (worn)
 v - a +2 cloak of invisibility (worn)
 C - the +15 Maxwell's patent armour (worn) {-Cast -Tele rElec MR+ rCorr}
   (You found it in the Dungeon)

   It insulates you from electricity.
   It affects your resistance to hostile enchantments.
   It prevents spellcasting.
   It prevents most forms of teleportation.
   It protects you from acid and corrosion.
Jewellery
 h - an uncursed ring of ice
 t - an uncursed ring of protection from fire
 x - a +6 ring of strength (left hand)
 y - a +6 ring of strength (right hand)
Wands
 z - a wand of disintegration (7)
 A - a wand of iceblast (7)
 B - a wand of acid (7)
Scrolls
 i - 4 scrolls of blinking
 l - 4 scrolls of enchant weapon
 o - 7 scrolls of fog
 p - a scroll of holy word
 q - 4 scrolls of identify
 r - 5 scrolls of remove curse
 s - 2 scrolls of fear
 u - 6 scrolls of brand weapon
Potions
 d - 9 potions of curing
 e - 4 potions of heal wounds
 f - 6 potions of haste
 j - 2 potions of invisibility
 k - 4 potions of resistance
 m - 6 potions of agility
 n - 5 potions of might
Miscellaneous
 b - 5 phantom mirrors
Comestibles
 c - 6 rations


   Skills:
 + Level 20.6 Fighting
 * Level 23.7 Axes
 + Level 20.4 Armour
 - Level 2.4 Dodging
 - Level 2.1 Stealth


You had 13 spell levels left.
You didn't know any spells.

Dungeon Overview and Level Annotations

Branches:
Dungeon (1/1)

Altars:
Ashenzari
Cheibriados
Dithmenos
Elyvilon
Fedhas
Gozag
Hepliaklqana
Kikubaaqudgha
Makhleb
Nemelex Xobeh
Okawaru
Qazlal
Ru
Sif Muna
Trog
Uskayaw
Vehumet
Wu Jian
Xom
Yredelemnul
Zin
The Shining One
Beogh
Jiyva
Lugonu

Annotations:
D 1 transporter


Innate Abilities, Weirdness & Mutations

You are resistant to torment.
Your stone body is resilient. (AC +10)
You are immune to poison.
Your large and strong wings let you fly indefinitely.
You resist negative energy. (rN+)
You are resistant to electric shocks. (rElec)
You can survive without breathing.
You are immune to petrification.
You are immune to rotting.
Armour fits poorly on your strangely shaped body.
You are weak. (Str -2)


Message History

Something appears at your feet! Trog grants you a weapon!
You cut the red draconian into ribbons!!!
You burn the red draconian. You slash the green draconian!
You burn the green draconian.
The green draconian hits you from afar with a halberd.
* * * LOW HITPOINT WARNING * * *
Your stone giant hits the red draconian!!!
The red draconian dies!
Trog accepts your kill.
The yellow draconian hits you but does no damage.
The yellow draconian closely misses you.
The green draconian hits you but does no damage.
The green draconian tail-slaps you but does no damage.
You completely miss the red draconian.
The red draconian is heavily wounded.
You closely miss the green draconian.
The red draconian breathes flames at you.
The searing blast hits you!
You die...

▓......©......▓....8©8..
▓▓▓▓▓▓▓▓▓▓▓▓▓▓▓..)).|.|)
▓.....8©8.....▓.....))|)
▓..}::[})[|...▓.........
▓.."|:))[.})..▓.........
▓.............▓.|)......
▓.....d......q▓.†)†.....
▓....d)d§d....▓..▓.....▓
▓....d)@.d....▓.▓▓▓)..▓▓
▓.....§Cd.....▓.§▓.....▓
▓..▓..)§...▓..▓.....©...
▓ ▓▓.....▓▓ ▓▓▓▓▓▓▓▓▓▓
▓..▓.......▓..▓....8©8..
▓.............▓.....:}.[
▓......©......▓....)).).
▓▓▓▓▓▓▓▓▓▓▓▓▓▓▓.........
▓.........


You could see 2 draconians, 2 draconians, a purple draconian, a red draconian, a
white draconian, a white draconian shifter and a friendly stone giant (berserk).

Vanquished Creatures
  2 liches (D)
  Kirke (D)
  2 thorn hunters (D)
  Agnes (D)
  Louise (D)
  An orc warlord (D)
  Aizul (D)
  A draconian stormcaller (D)
  A spriggan defender (D)
  A stone giant (D)
  A yellow draconian (D)
  3 vampire knights (D)
  A black draconian (D)
  A white draconian (D)
  3 purple draconians (D)
  3 red draconians (D)
  A spriggan berserker (D)
  2 orc high priests (D)
  Nergalle (D)
  9 necromancers (D)
  3 ugly things (D)
  2 orc sorcerers (D)
  A shining eye (D)
  10 draconians (D)
  An apocalypse crab (D)
  A smoke demon (D)
  A dryad (D)
  2 yaktaurs (D)
  An ice devil (D)
  A hornet (shapeshifter) (D)
  A raiju (D)
  A slime creature (D)
  4 trolls (D)
  A hornet (D)
  A wind drake (D)
  Prince Ribbit (D)
  A hippogriff (shapeshifter) (D)
  A small abomination (D)
  A redback (D)
  6 shadows (D)
  4 yaks (D)
  2 large abominations (D)
  A golden eye (D)
  Grum (D)
  3 neqoxecs (D)
  Duvessa (D)
  3 floating eyes (D)
  2 porcupines (D)
  3 orc warriors (D)
  An ice beast (D)
  An ogre (D)
  An eye of draining (D)
  A necrophage (D)
  A centaur (D)
  2 wights (D)
  4 crimson imps (D)
  2 quasits (D)
  3 jellies (D)
  An iguana (D)
  2 river rats (D)
  A shadow imp (D)
  2 white imps (D)
  An ufetubus (D)
  3 oozes (D)
  An adder zombie (D)
  An adder skeleton (D)
  A bat skeleton (D)
  A bat simulacrum (D)
  A jackal skeleton (D)
  A leopard gecko simulacrum (D)
  A briar patch (D)
131 creatures vanquished.

Vanquished Creatures (collateral kills)
  A green draconian (D)
  2 red draconians (D)
  2 spriggan air magi (D)
  A shambling mangrove (D)
  2 hornets (D)
8 creatures vanquished.

Vanquished Creatures (others)
  A vampire knight (D)
  A spatial maelstrom (D)
  2 briar patches (D)
4 creatures vanquished.

Grand Total: 143 creatures vanquished

Notes
Turn   | Place    | Note
-------+----------+-------------------------------------------
     0 | D        | Found the +6 Majin-Bo {vamp, Archmagi MP+6 Int+6}
     0 | D        | Found the +7 great mace "Firestarter" {inner flame, rF++}
     0 | D        | sanboga the Gargoyle Monk began the quest for the Orb.
     0 | D        | Reached XP level 1. HP: 14/14 MP: 1/1
     0 | D        | Found a deep blue altar of Sif Muna.
     0 | D        | Found a bloodstained altar of Trog.
     0 | D        | Found a sacrificial altar of Ru.
     0 | D        | Found a stormy altar of Qazlal.
     0 | D        | Found an iron altar of Okawaru.
     1 | D        | Found a sparkling altar of Nemelex Xobeh.
     1 | D        | Found a blossoming altar of Fedhas.
     3 | D        | Found a transporter.
     3 | D        | Found an ancient bone altar of Kikubaaqudgha.
     3 | D        | Found a viscous altar of Jiyva.
     3 | D        | Found a corrupted altar of Lugonu.
     3 | D        | Found a hazy altar of Hepliaklqana.
     3 | D        | Found a burning altar of Makhleb.
     3 | D        | Found an opulent altar of Gozag.
     3 | D        | Banished a spatial maelstrom
    23 | D        | Became a worshipper of Trog the Wrathful
    23 | D        | Reached * piety under Trog
    23 | D        | Reached ** piety under Trog
    37 | D        | Found the +9 heavy crossbow "Sniper" {velocity, Acc+∞ SInv}
    37 | D        | Found the +10 dark maul {crush}
    37 | D        | Found the +15 Maxwell's patent armour {-Cast -Tele rElec MR+ rCorr}
    37 | D        | Found the +18 shield of the Gong {rElec rN+ MR+ EV-5}
    37 | D        | Found the cursed +14 obsidian axe {chop, +Fly SInv *Curse}
    81 | D        | Entered arena 2.
    81 | D        | Found a transporter.
    83 | D        | Reached skill level 3 in Axes
    83 | D        | Reached skill level 1 in Armour
    83 | D        | Reached XP level 2. HP: 17/20 MP: 2/2
    85 | D        | Reached skill level 4 in Axes
   209 | D        | Entered arena 3.
   209 | D        | Noticed a yaktaur
   209 | D        | Noticed a yaktaur
   209 | D        | Noticed a centaur
   209 | D        | Found a transporter.
   215 | D        | Killed a yaktaur
   215 | D        | Reached skill level 8 in Axes
   215 | D        | Reached XP level 3. HP: 27/28 MP: 3/3
   215 | D        | Reached XP level 4. HP: 33/34 MP: 4/4
   215 | D        | Reached XP level 5. HP: 37/38 MP: 5/5
   215 | D        | Reached XP level 6. HP: 43/44 MP: 6/6
   216 | D        | Reached *** piety under Trog
   216 | D        | Reached skill level 9 in Axes
   220 | D        | Killed a yaktaur
   220 | D        | Reached skill level 10 in Axes
   220 | D        | Reached XP level 7. HP: 43/51 MP: 7/7
   224 | D        | Entered arena 4.
   224 | D        | Found a transporter.
   229 | D        | Reached **** piety under Trog
   284 | D        | Entered arena 5.
   284 | D        | Found a transporter.
   285 | D        | Found the +8 trident of the Octopus King {venom, rElec rPois MR+}
   291 | D        | Reached ***** piety under Trog
   291 | D        | Reached skill level 11 in Axes
   408 | D        | Entered arena 6.
   408 | D        | Noticed a draconian
   408 | D        | Noticed a draconian
   408 | D        | Noticed a draconian
   408 | D        | Noticed a draconian
   408 | D        | Noticed a draconian
   408 | D        | Found a transporter.
   419 | D        | Killed a draconian
   419 | D        | Reached skill level 10 in Fighting
   419 | D        | Reached XP level 8. HP: 58/58 MP: 8/8
   420 | D        | Killed a draconian
   420 | D        | Received a gift from Trog
   420 | D        | Reached skill level 12 in Axes
   420 | D        | Reached skill level 10 in Armour
   421 | D        | Killed a draconian
   421 | D        | Reached skill level 13 in Axes
   421 | D        | Reached XP level 9. HP: 64/64 MP: 9/9
   421 | D        | Killed a draconian
   428 | D        | Killed a draconian
   455 | D        | Entered arena 7.
   456 | D        | Found a transporter.
   457 | D        | Paralysed by a floating eye for 4 turns
   461 | D        | Received a gift from Trog
   462 | D        | Reached skill level 14 in Axes
   470 | D        | Reached ****** piety under Trog
   470 | D        | Received a gift from Trog
   480 | D        | Entered arena 8.
   482 | D        | Found a transporter.
   497 | D        | Received a gift from Trog
   497 | D        | Reached XP level 10. HP: 53/72 MP: 4/10
   513 | D        | Got the +5 executioner's axe of Evolution {flame, rPois}
   584 | D        | Entered arena 9.
   585 | D        | Found a transporter.
   592 | D        | Received a gift from Trog
   597 | D        | Reached skill level 15 in Axes
   659 | D        | Entered arena 10.
   659 | D        | Noticed a draconian
   659 | D        | Noticed a draconian
   659 | D        | Noticed a draconian
   659 | D        | Noticed a white draconian
   659 | D        | Noticed a red draconian
   659 | D        | Noticed a yellow draconian
   659 | D        | Noticed a draconian
   659 | D        | Noticed a draconian
   660 | D        | Found a transporter.
   667 | D        | Killed a draconian
   668 | D        | Killed a yellow draconian
   670 | D        | Killed a draconian
   674 | D        | Killed a draconian
   674 | D        | Received a gift from Trog
   674 | D        | Reached skill level 16 in Axes
   675 | D        | Killed a white draconian
   675 | D        | Reached XP level 11. HP: 70/80 MP: 11/11
   675 | D        | Killed a red draconian
   676 | D        | Killed a draconian
   676 | D        | Killed a draconian
   676 | D        | Reached skill level 17 in Axes
   686 | D        | Received a gift from Trog
   813 | D        | Entered arena 11.
   813 | D        | Noticed a cyan ugly thing
   813 | D        | Noticed a purple ugly thing
   813 | D        | Noticed a cyan ugly thing
   813 | D        | Noticed a shining eye
   814 | D        | Found the +5 pair of quick blades "Gyre" and "Gimble" {pierce, Dex-3}
   814 | D        | Found a transporter.
   814 | D        | Gained mutation: Armour fits poorly on your strangely shaped body. [a shining eye]
   818 | D        | Gained mutation: You are weak. (Str -2) [a shining eye]
   820 | D        | Killed a shining eye
   820 | D        | Reached skill level 15 in Fighting
   822 | D        | Killed a purple ugly thing
   822 | D        | Received a gift from Trog
   822 | D        | Killed a purple ugly thing
   823 | D        | Reached skill level 15 in Armour
   823 | D        | Killed a cyan ugly thing
   832 | D        | Received a gift from Trog
   875 | D        | Entered arena 12.
   875 | D        | Noticed a thorn hunter
   875 | D        | Noticed a thorn hunter
   875 | D        | Noticed a spriggan air mage
   875 | D        | Noticed a spriggan berserker
   876 | D        | Noticed a spriggan air mage
   876 | D        | Noticed a spriggan defender
   877 | D        | Noticed a shambling mangrove
   877 | D        | Found a transporter.
   878 | D        | Reached skill level 18 in Axes
   878 | D        | Reached XP level 12. HP: 80/88 MP: 12/12
   884 | D        | Killed a thorn hunter
   888 | D        | Killed a spriggan berserker
   892 | D        | Killed a spriggan air mage
   893 | D        | Killed a spriggan air mage
   893 | D        | Received a gift from Trog
   895 | D        | Killed a spriggan defender
   895 | D        | Reached skill level 19 in Axes
   895 | D        | Reached XP level 13. HP: 80/94 MP: 13/13
   898 | D        | Received a gift from Trog
   898 | D        | Killed a thorn hunter
  1116 | D        | Received a gift from Trog
  1124 | D        | Entered arena 13.
  1124 | D        | Noticed Nergalle
  1124 | D        | Noticed Grum
  1124 | D        | Noticed Kirke
  1125 | D        | Noticed Aizul
  1125 | D        | Noticed Prince Ribbit
  1125 | D        | Noticed Louise
  1125 | D        | Noticed Duvessa
  1125 | D        | Noticed Agnes
  1126 | D        | Found the +2 Maxwell's thermic engine {flame, freeze, rF- rC-}
  1126 | D        | Found a transporter.
  1132 | D        | Killed Duvessa
  1132 | D        | Killed Aizul
  1132 | D        | Killed Kirke
  1132 | D        | Received a gift from Trog
  1135 | D        | Killed Agnes
  1135 | D        | Reached skill level 20 in Axes
  1136 | D        | Killed Grum
  1138 | D        | Killed Prince Ribbit
  1140 | D        | Killed Nergalle
  1140 | D        | Received a gift from Trog
  1144 | D        | Killed Louise
  1151 | D        | Received a gift from Trog
  1322 | D        | Entered arena 14.
  1322 | D        | Noticed a vampire knight
  1322 | D        | Noticed a vampire knight
  1329 | D        | Noticed a vampire knight
  1336 | D        | Killed a vampire knight
  1336 | D        | Killed a vampire knight
  1336 | D        | Received a gift from Trog
  1338 | D        | Killed a vampire knight
  1338 | D        | Reached skill level 21 in Axes
  1344 | D        | Received a gift from Trog
  1470 | D        | Found a transporter.
  1553 | D        | Received a gift from Trog
  1634 | D        | Entered arena 15.
  1642 | D        | Found a transporter.
  1643 | D        | Paralysed by you for 2 turns
  1647 | D        | Received a gift from Trog
  1650 | D        | Received a gift from Trog
  1657 | D        | Gained mutation: Your large and strong wings let you fly indefinitely. [Gargoyle growth]
  1657 | D        | Reached XP level 14. HP: 80/104 MP: 14/14
  1678 | D        | Received a gift from Trog
  1689 | D        | Entered arena 16.
  1750 | D        | Noticed an orc warlord
  1751 | D        | Noticed a stone giant
  1752 | D        | Found a transporter.
  1760 | D        | Received a gift from Trog
  1761 | D        | Killed a stone giant
  1762 | D        | Killed an orc warlord
  1762 | D        | Reached skill level 22 in Axes
  1763 | D        | Received a gift from Trog
  1788 | D        | Received a gift from Trog
  1820 | D        | Entered arena 17.
  1824 | D        | Noticed a lich
  1824 | D        | Noticed a lich
  1824 | D        | Noticed a vampire knight
  1825 | D        | Found a transporter.
  1829 | D        | Paralysed by a lich for 4 turns
  1836 | D        | Received a gift from Trog
  1838 | D        | Killed a vampire knight
  1839 | D        | Killed a lich
  1839 | D        | Received a gift from Trog
  1839 | D        | Received a gift from Trog
  1840 | D        | Killed a lich
  1842 | D        | Received a gift from Trog
  1842 | D        | Reached skill level 23 in Axes
  2070 | D        | Entered arena 18.
  2073 | D        | Noticed a white draconian
  2073 | D        | Noticed a purple draconian
  2073 | D        | Noticed a red draconian
  2073 | D        | Noticed a green draconian
  2073 | D        | Noticed a purple draconian
  2073 | D        | Noticed a red draconian
  2073 | D        | Noticed a green draconian
  2073 | D        | Noticed a green draconian
  2073 | D        | Noticed a yellow draconian
  2074 | D        | Noticed a green draconian stormcaller
  2074 | D        | Noticed a yellow draconian
  2074 | D        | Noticed a black draconian
  2074 | D        | Noticed a red draconian
  2074 | D        | Noticed a purple draconian
  2074 | D        | Noticed a red draconian
  2074 | D        | Noticed a red draconian
  2074 | D        | Noticed a purple draconian
  2074 | D        | Noticed a white draconian shifter
  2075 | D        | Found a transporter.
  2083 | D        | Killed a red draconian
  2084 | D        | Killed a green draconian
  2085 | D        | Killed a red draconian
  2085 | D        | Received a gift from Trog
  2086 | D        | Killed a purple draconian
  2089 | D        | Killed a purple draconian
  2089 | D        | Killed a purple draconian
  2090 | D        | Killed a black draconian
  2091 | D        | Killed a red draconian
  2093 | D        | Killed a green draconian stormcaller
  2093 | D        | Received a gift from Trog
  2093 | D        | Killed a red draconian
  2094 | D        | Killed from afar by a red draconian

Skill      XL: |  1  2  3  4  5  6  7  8  9 10 11 12 13 14 |
---------------+-------------------------------------------+-----
Fighting       | 4 7 9 10 11 12 14 15 16 18 20 | 20.6
Axes           | 3 8 10 11 13 14 16 18 19 21 23 | 23.7
Armour         | 1 6 8 9 10 12 14 15 18 20 | 20.4
Dodging        | |  2.4
Stealth        | |  2.1

Action                   |  1- 3 |  4- 6 |  7- 9 | 10-12 | 13-15 || total
-------------------------+-------+-------+-------+-------+-------++-------
Melee: Executioner's axe |     6 |     4 |    42 |    43 |    89 ||   184
Invok: Burn Spellbooks   |       |       |     3 |     3 |     6 ||    12
       Berserk           |       |       |     1 |     3 |     5 ||     9
       Brothers in Arms  |       |       |       |     1 |     1 ||     2
Evoke: Phantom mirror    |       |       |     1 |       |       ||     1
  Use: Potion            |     1 |       |       |     2 |     5 ||     8
       Scroll            |       |       |       |       |     1 ||     1
 Stab: Confused          |       |       |     2 |       |       ||     2
  Eat: Chunk             |       |       |       |     2 |     5 ||     7
       Ration            |       |       |       |       |     1 ||     1
Armor: Plate armour      |    10 |     6 |    66 |    84 |   222 ||   388
Dodge: Dodged            |     7 |     3 |    43 |    35 |    73 ||   161
